 Dungeon Crawl Stone Soup version 0.18-a0-1689-g473dde0 (webtiles) character file.

357 Geomchi the Caller (level 6, -5/41 HPs)
             Began as a Mummy Summoner on Apr 5, 2016.
             Slain by a worker ant (8 damage)
             ... on level 3 of the Dungeon.
             The game lasted 00:09:39 (5524 turns).

Geomchi the Caller (Mummy Summoner)                 Turns: 5524, Time: 00:09:40

Health: -5/41      AC:  3    Str: 11    XL:     6   Next: 36%
Magic:  1/9        EV: 12    Int: 16    God:
Gold:   114        SH:  0    Dex: 13    Spells: 3 memorised, 4 levels left

rFire  x . .     SeeInvis .     m - +0 trident
rCold  + . .     Gourm    .     a - +0 robe
rNeg   + + +     Faith    .     (no shield)
rPois  ∞         Spirit   .     (no helmet)
rElec  .         Dismiss  .     l - +0 cloak
rCorr  .         Reflect  .     (no gloves)
SustAt .         Harm     .     (no boots)
MR     .....                    (no amulet)
Stlth  ++........               (no ring)
                                (no ring)

@: not resistant to hostile enchantments, unstealthy
A: no food or potions, fire vulnerability, cold resistance 1, negative energy
resistance 3, torment resistance, unbreathing
a: no special abilities


You were on level 3 of the Dungeon.
You were not hungry.

You visited 1 branch of the dungeon, and saw 4 of its levels.

You collected 114 gold pieces.

Inventory:

Hand Weapons
 m - a +0 trident (weapon)
Armour
 a - a +0 robe (worn)
 l - a +0 cloak (worn)
Wands
 c - a wand of digging (10/24)
Scrolls
 d - 3 scrolls of enchant weapon {unknown}
 e - 4 scrolls of identify {unknown}
 f - 2 scrolls of amnesia {unknown}
 g - a scroll of blinking {unknown}
 i - a scroll of fog {unknown}
 j - a scroll of remove curse {unknown}
 k - a scroll of random uselessness {unknown}
Books
 b - a book of Callings

   Spells                             Type                      Level
   a - Summon Small Mammal            Summoning                    1
   b - Call Imp                       Summoning                    2
   c - Call Canine Familiar           Summoning                    3
   d - Summon Guardian Golem          Hexes/Summoning              3
   e - Summon Lightning Spire         Summoning/Air                4
   f - Summon Ice Beast               Ice/Summoning                4


   Skills:
 - Level 1.5 Dodging
 - Level 1.5 Stealth
 + Level 2.5 Spellcasting
 + Level 6.2 Summonings


You had 4 spell levels left.
You knew the following spells:

 Your Spells              Type           Power        Failure   Level  Hunger
a - Summon Small Mammal   Summ           ###.         1%          1    N/A
b - Call Imp              Summ           ###.....     2%          2    N/A
c - Call Canine Familiar  Summ           ###.....     6%          3    N/A

Dungeon Overview and Level Annotations

Branches:
Dungeon (4/15)
 Temple: D:4-7

Altars:
Ashenzari
Xom

Annotations:
D:4 Oddball22's ghost, amateur DsMo


Innate Abilities, Weirdness & Mutations

You do not eat or drink.
Your flesh is vulnerable to fire.
You are immune to poison.
Your flesh is cold resistant.
You are immune to negative energy.
You are immune to unholy pain and torment.
You can survive without breathing.


Message History

Your crimson imp barely misses the worker ant.
You are too injured to fight recklessly!
You are too injured to fight recklessly!
You hit the worker ant but do no damage.
The worker ant bites you.
* * * LOW HITPOINT WARNING * * *
Your crimson imp closely misses the worker ant.
The worker ant completely misses you.
You take 1 damage, and have 9/41 hp.
You barely miss the worker ant.
Your crimson imp blinks!
The worker ant bites you.
* * * LOW HITPOINT WARNING * * *
You take 2 damage, and have 7/41 hp.
The worker ant bites you.
* * * LOW HITPOINT WARNING * * *
You take 4 damage, and have 3/41 hp.
You hit the worker ant. The worker ant misses you.
You closely miss the worker ant. The worker ant bites you!
You die...

##...............####...#...#)...
........##.....>.###....#...#....
.....................#..#...####.
##.....####.....>##..#⌠.)#'#..⌠#.
####### ###........#..)......#.
##.#5.#####.......### #####
##.#..#....)......#.. #)..#
#<.#a.#...'))._...'.. #...#
#..#@.....#.......#.. #...#
#..#..#####.......#.# ##.##
#.##................. #.##
#.##......⌠.##'##.⌠.. ##.#
########.####...####. #5##
#...........#...#.... ##5#
#...........#...#..## ##.##
#.#######...##.##..# ##PP.# #.#
###(......##


You could see a worker ant and a friendly crimson imp.

Vanquished Creatures
  2 adders (D:2)
  A worm (D:4)
  4 giant geckos
  3 bats
  2 hobgoblins (D:3)
  A jackal (D:1)
  3 giant newts
  3 goblins (D:3)
  4 kobolds
  3 rats
26 creatures vanquished.

Vanquished Creatures (collateral kills)
  Sigmund (D:2)
  A scorpion (D:3)
  2 hounds (D:4)
  An orc priest (D:3)
  2 orc wizards
  Crazy Yiuf (D:3)
  An iguana (D:4)
  5 gnolls
  5 adders
  An ooze (D:2)
  An adder skeleton (D:4)
  A worm (D:3)
  A dart slug (D:1)
  A giant gecko (D:1)
  13 orcs
  4 giant cockroaches
  8 goblins
  5 hobgoblins
  6 jackals
  A kobold (D:3)
  6 bats
  2 giant newts
  4 rats
  A fungus (D:3)
74 creatures vanquished.

Grand Total: 100 creatures vanquished

Notes
Turn   | Place    | Note
--------------------------------------------------------------
     0 | D:1      | Geomchi the Mummy Summoner began the quest for the Orb.
     0 | D:1      | Reached XP level 1. HP: 13/13 MP: 3/3
   712 | D:1      | Reached XP level 2. HP: 15/19 MP: 0/5
   764 | D:1      | Learned a level 2 spell: Call Imp
  1735 | D:2      | Reached skill level 4 in Summonings
  1887 | D:2      | Reached XP level 3. HP: 21/24 MP: 0/6
  1964 | D:2      | Learned a level 3 spell: Call Canine Familiar
  2457 | D:2      | Found a shimmering altar of Xom.
  2578 | D:2      | Noticed Sigmund
  2585 | D:2      | Killed Sigmund
  2585 | D:2      | Reached skill level 5 in Summonings
  2585 | D:2      | Reached XP level 4. HP: 30/30 MP: 1/7
  2591 | D:2      | Reached XP level 5. HP: 35/35 MP: 1/8
  3968 | D:3      | Found a shattered altar of Ashenzari.
  4104 | D:3      | Reached skill level 6 in Summonings
  4272 | D:3      | Noticed Crazy Yiuf
  4320 | D:3      | Killed Crazy Yiuf
  4890 | D:4      | Reached XP level 6. HP: 41/41 MP: 3/9
  5225 | D:4      | Noticed Oddball22's ghost (amateur DsMo)
  5524 | D:3      | Slain by a worker ant

Vault maps used:
D:1:      minmay_arrival_shattered_statue, minmay_box_of_dots
D:2:      tgw_xom, minmay_misc_feat_rows, uniq_sigmund
D:3:      serial_forest, infiniplex_forest_clump_cross,
          infiniplex_forest_lined_room_3, infiniplex_forest_clump_medium,
          infiniplex_forest_lined_corner, infiniplex_forest_end_1,
          infiniplex_forest_corner_1, infiniplex_forest_end_3,
          evilmike_ruin_ashenzari, uniq_crazy_yiuf_cottage
D:4:      nicolae_qazlal_style_of_elements, minmay_misc_feat_diagonals,
          serial_bayou_ford_a, uniq_edmund, uniq_duvessa, uniq_robin

Skill      XL: |  1  2  3  4  5 |
---------------+----------------+-----
Summonings     | 4 5 6 |  6.2
Dodging        | |  1.5
Stealth        | |  1.5
Spellcasting   | |  2.5

Action                   |  1- 3 |  4- 6 || total
-------------------------+-------+-------++-------
Melee: Unarmed           |     2 |       ||     2
       Short sword       |    41 |       ||    41
       Spear             |       |    56 ||    56
       Trident           |       |    33 ||    33
 Cast: Summon Small Mamm |    32 |       ||    32
       Call Imp          |    26 |    41 ||    67
       Call Canine Famil |     6 |    15 ||    21
 Stab: Distracted        |     1 |       ||     1
       Sleeping          |       |     2 ||     2
